 Seeded DCSS version 0.30.1-6-gbe392663c4 (webtiles) character file.

Game seed: 15265865335305158418 (custom seed)

12 Psyclone the Grasshopper (level 2, 15/19 HPs)
             Began as an Octopode Warper on Sept 21, 2023.
             Quit the game on level 3 of the Dungeon.
             The game lasted 00:01:34 (211 turns).

Psyclone the Grasshopper (Octopode Warper)           Turns: 211, Time: 00:01:35

Health: 15/19      AC:  1    Str: 10    XL:     2   Next: 33%
Magic:  5/5        EV: 13    Int: 17    God:
Gold:   61         SH:  0    Dex: 14    Spells: 5/5 levels left

rFire   + . .        a - +0 short sword
rCold   . . .        (no shield)
rNeg    + . .        (helmet restricted)
rPois   .            (no amulet)
rElec   .            f - ring "Pudgh" {rF+ rN+ Int+2 Dex+3}
rCorr   .            (no ring)
SInv    .            (no ring)
Will    .....        (no ring)
Stlth   +++          (no ring)
HPRegen 0.23/turn    (no ring)
MPRegen 0.09/turn    (no ring)
                     (no ring)

%: no passive effects
@: no status effects
A: almost no armour, amphibious, 8 rings, camouflage 1, gelatinous body 1,
(nimble swimmer 1), tentacles
a: no special abilities


You were on level 3 of the Dungeon.
You visited 1 branch of the dungeon, and saw 3 of its levels.

You collected 61 gold pieces.

Inventory:

Hand Weapons
 a - a +0 short sword (weapon)
Missiles
 c - 7 boomerangs of dispersal (quivered)
Jewellery
 f - the ring "Pudgh" (left tentacle) {rF+ rN+ Int+2 Dex+3}
   (You acquired it on level 1 of the Dungeon)

   [ring of protection from fire]

   Int:       It affects your intelligence (+2).
   Dex:       It affects your dexterity (+3).
   rF:        It protects you from fire.
   rN:        It protects you from negative energy.
Scrolls
 b - 2 scrolls of blinking
Potions
 d - a potion of curing {unknown}
 e - a potion of berserk rage {unknown}
 g - a potion of brilliance {unknown}
 h - a potion of lignification {unknown}


   Skills:
 - Level 2.0 Fighting
 - Level 2.0 Short Blades
 - Level 1.0 Throwing
 - Level 2.3 Dodging
 + Level 2.9 Stealth
 - Level 2.0 Spellcasting
 - Level 3.0 Translocations


You had 5 spell levels left.
You didn't know any spells.
Your spell library contained the following spells:

 Spells                   Type           Power      Damage    Failure   Level
 Blink                    Tloc           22%        N/A       9%          2
 Lesser Beckoning         Tloc           22%        N/A       9%          2
 Teleport Other           Tloc           11%        N/A       17%         3
 Vhi's Electric Charge    Tloc/Air       12%        N/A       30%         3
 Manifold Assault         Tloc           11%        N/A       50%         4


Dungeon Overview and Level Annotations

Branches:
Dungeon (3/15) Zot: 17790

Altars:
Gozag


Innate Abilities, Weirdness & Mutations

You cannot wear most types of armour.
You are amphibious.
You can wear up to eight rings at the same time.
Your skin changes colour to match your surroundings (Stealth+).
Your rubbery body absorbs attacks. (AC +1, EV +1)
((You are camouflaged when in or above water. (Stealth+)))
You have tentacles for arms and can constrict up to eight enemies at once.


Message History

You closely miss the adder. You grab the adder. You constrict the adder.
The adder barely misses you. The adder bites you.
You take 3 damage, and have 11/14 hp.
MASSIVE DAMAGE!!
You hit the adder.
The adder is moderately wounded.
You constrict the adder. The adder bites you.
You take 1 damage, and have 10/14 hp.
You barely miss the adder.
The adder is heavily wounded.
You constrict the adder. The adder closely misses you.
You don't know any spells.
Unknown command.
You hit the adder but do no damage.
The adder is heavily wounded.
You constrict the adder. The adder bites you.
You are poisoned.
The adder poisons you!
You take 3 damage, and have 7/14 hp.
MASSIVE DAMAGE!!
You hit the adder.
You kill the adder!
You feel sick.
Your Stealth skill increases to level 2!
You have reached level 2!
MP restored: 5 You feel sick.
You take 1 damage, and have 7/19 hp.
You feel sick.
You feel sick.
You see here a +0 club.
You take 1 damage, and have 6/19 hp.
You feel sick.
You are no longer poisoned.
You take 1 damage, and have 5/19 hp.
There is a stone staircase leading down here.
You climb downwards.
Found an opulent altar of Gozag.
There is a stone staircase leading up here.
There is an opulent altar of Gozag here.
You curl up in front of the altar of Gozag.
Are you sure you want to abandon this character and quit the game? (Confirm with "yes".)

### ... ###.###
#. ##.....## ..
...#.8...8.#..#
...#.......#...
#......@......#
#..#.......#..#
#.8...8.#
##.....##
###.### #..#
#<##
#...........
#..............


There were no monsters in sight!

Vanquished Creatures
  An adder (D:2)
  A ball python (D:1)
  A hobgoblin (D:2)
  A kobold (D:2)
4 creatures vanquished.

Notes
Turn   | Place    | Note
-------+----------+-------------------------------------------
     0 | D:1      | Psyclone the Octopode Warper began the quest for the Orb.
     0 | D:1      | Reached XP level 1. HP: 14/14 MP: 3/3
    40 | D:1      | Identified a scroll of acquirement
    40 | D:1      | Acquired the ring "Pudgh" {rF+ rN+ Int+2 Dex+3}
   148 | D:2      | Reached skill level 1 in Stealth
   162 | D:2      | Reached XP level 2. HP: 8/19 MP: 5/5
   204 | D:3      | Found an opulent altar of Gozag.
   211 | D:3      | Quit the game

Illustrated notes

Levels and vault maps discovered:
D:1:      minmay_arrival_four_loops, layout_basic, chequers_serial_rivers_marsh,
          minivault_4
D:2:      layout_basic
D:3:      layout_loops_cross, marbit_many_paths, elyvilon_altar_1,
          grunt_gozag_statues, shapermc_ecumenical_altar_mp_vishouse,
          kennysheep_cross_room, corexii_hall_statues_i, uniq_natasha,
          uniq_grinder

Skill      XL: |  1 |
---------------+----+-----
Stealth        | 2 |  2.9
Fighting       | |  2.0
Short Blades   | |  2.0
Throwing       | |  1.0
Dodging        | |  2.3
Spellcasting   | |  2.0
Translocations | |  3.0

Action                     || total
---------------------------++-------
  Melee: Short sword       ||     8
         Constrict         ||     3
         Tentacles         ||     2
    Use: Scroll            ||     1
   Stab: Sleeping          ||     1
  Dodge: Dodged            ||     2
